AoeStats
← Nutteralex

Arena

509740538Analyzed
2v2 RM · 3d ago on Sep 27, 2026· 31m 32s· 4 players
Game mode
Random Map
Map size
Medium (4 player)
Population
200
Speed
Normal
Resources
Standard
Victory
Conquest
Starting age
Dark Age
Ending age
Imperial Age
RankedLock teamsTeams togetherTeam positionsShared explorationLock speedFull tech treeHidden civsTurbo modeCheats
Victory
Defeat
🇨🇦 Danes · Canada
1089
+13
🇨🇦 Turks · Canada
1032
+15
🇨🇦 Turks · Canada
1028
-14
🇨🇦 Franks · Canada
1019
-14
sunchain
1:10 Loom
10:51 Feudal Age
15:58 Castle Age
13:56 Double-Bit Axe
19:51 Stone Mining
24:46 Bow Saw
26:39 Gold Mining
26:56 Husbandry
27:10 Forging
27:06 Scale Barding Armor
30:00 Iron Casting
29:07 Light Cavalry
Nutteralex
11:31 Feudal Age
12:27 Feudal Age
12:32 Feudal Age
16:35 Castle Age
15:55 Double-Bit Axe
20:41 Imperial Age
18:15 Horse Collar
19:50 Padded Archer Armor
26:09 Leather Archer Armor
27:26 Wheelbarrow
FredproQc69
0:28 Loom
12:19 Feudal Age
17:00 Castle Age
15:14 Double-Bit Axe
15:45 Horse Collar
23:32 Imperial Age
22:48 Gold Mining
23:16 Bow Saw
MagnumXL
10:10 Feudal Age
14:36 Castle Age
12:25 Double-Bit Axe
12:23 Horse Collar
15:53 Bow Saw
21:09 Squires
24:18 Wheelbarrow
23:56 Gambesons
24:15 Scale Mail Armor
24:26 Forging
27:24 Chain Mail Armor
29:30 Arson
29:55 Gold Mining
29:59 Stone Mining
31:23 Hand Cart
Connection lost

Rejoining the realm…

Still unreachable

The connection could not be restored.

Session expired

The server has moved on; the page needs a fresh start.